 Dungeon Crawl Stone Soup version 0.31-a0-150-g89dc3ad700 (webtiles) character file.

Game seed: 13576582580208673064

1768488 PaperRat the Hellbinder (level 26, 215/215 HPs)
             Began as a Vampire Summoner on June 6, 2023.
             Was the Champion of Kikubaaqudgha.
             Escaped with the Orb
             ... and 3 runes on June 8, 2023!
             The game lasted 06:17:51 (61076 turns).

PaperRat the Hellbinder (Vampire Summoner)         Turns: 61076, Time: 06:17:52

Health: 215/215    AC: 16    Str: 13    XL:     26   Next: 11%
Magic:  44/44      EV: 30    Int: 38    God:    Kikubaaqudgha [******]
Gold:   3503       SH: 11    Dex: 30    Spells: 8/59 levels left

rFire   + . .        W - staff of cold "Cudun" {+Blink rC+ Will+}
rCold   + + .        m - +3 buckler {rF+}
rNeg    + . .        D - +1 faerie dragon scales {Will+ rCorr Str+6 Int+3}
rPois   +            J - +2 helmet
rElec   +            o - +2 cloak {rPois}
rCorr   +            H - +0 pair of gloves of Eruduv {Int+6}
SInv    +            k - +2 pair of boots
Will    ++++.        X - amulet of magic regeneration
Stlth   +++          Q - ring "Tijenk" {Fly rN+ Dex+6}
HPRegen 0.75/turn    A - ring of Aphagh {rElec rCorr Int+3 Dex+6, =R}
MPRegen 0.69/turn

%: no passive effects
@: flying, healing quickly, studying Earth Magic
A: alive, fangs 3, see invisible, vampiric 2, cold resistance 1, deformed body,
mutation resistance 1
0: Orb of Zot
}: 3/15 runes: decaying, serpentine, slimy
a: Exsanguinate, Renounce Religion, Evoke Blink, Unearth Wretches, Torment


You escaped.
You worshipped Kikubaaqudgha.
Kikubaaqudgha was exalted by your worship.
You visited 11 branches of the dungeon, and saw 52 of its levels.
You also visited: Gauntlet.

You collected 8223 gold pieces.
You spent 4720 gold pieces at shops.

Inventory:

Missiles
 F - 8 curare-tipped darts (quivered)
 S - 5 throwing nets {!f}
Armour
 f - a +0 robe of the Archmagi
 k - a +2 pair of boots (worn)
 m - a +3 buckler of fire resistance (worn)
 o - a +2 cloak of poison resistance (worn)
 y - a scarf of resistance
 D - the +1 faerie dragon scales (worn) {Will+ rCorr Str+6 Int+3}
   (You took it off the Enchantress on level 3 of the Depths)

   Str:       It affects your strength (+6).
   Int:       It affects your intelligence (+3).
   rCorr:     It protects you from acid and corrosion.
   Will:      It increases your willpower.
 H - the +0 pair of gloves of Eruduv (worn) {Int+6}
   (You found it in a Gauntlet)

   Int:       It affects your intelligence (+6).
 J - a +2 helmet (worn)
Magical Staves
 r - the staff of earth "Wufahae" {rF+ Int+2}
   (You found it on level 3 of the Depths)

   [staff of earth]

   Base accuracy: +5 Base damage: 5 Base attack delay: 1.2 This weapon's minimum
   attack delay (0.6) is reached at skill level 12.
   Int:       It affects your intelligence (+2).
   rF:        It protects you from fire.
   It falls into the 'Staves' category.
   It is a one-handed weapon.
 w - a staff of death
 W - the staff of cold "Cudun" (weapon) {+Blink rC+ Will+}
   (You found it on level 3 of the Depths)

   [staff of cold]

   Base accuracy: +5 Base damage: 5 Base attack delay: 1.2 This weapon's minimum
   attack delay (0.6) is reached at skill level 12.
   rC:        It protects you from cold.
   +Blink:    It lets you blink.
   Will:      It increases your willpower.
   It falls into the 'Staves' category.
   It is a one-handed weapon.
Jewellery
 e - a ring of protection from cold
 A - the ring of Aphagh (right hand) {rElec rCorr Int+3 Dex+6, =R}
   (You found it on level 5 of the Pits of Slime)

   [ring of dexterity]

   Int:       It affects your intelligence (+3).
   Dex:       It affects your dexterity (+6).
   rElec:     It insulates you from electricity.
   rCorr:     It protects you from acid and corrosion.
 Q - the ring "Tijenk" (left hand) {Fly rN+ Dex+6}
   (You found it on level 4 of the Swamp)

   [ring of positive energy]

   Dex:       It affects your dexterity (+6).
   rN:        It protects you from negative energy.
   Fly:       It grants you flight.
 T - a ring of protection from fire
 X - an amulet of magic regeneration (around neck)
 Y - a ring of willpower
Wands
 b - a wand of roots (47)
 c - a wand of light (21)
 d - a wand of digging (13)
 n - a wand of charming (28)
 z - a wand of mindburst (39)
Scrolls
 a - a scroll of immolation
 h - 3 scrolls of fog {@r2}
 i - 3 scrolls of summoning
 l - 6 scrolls of poison
 u - 3 scrolls of fear {@r4}
 E - 3 scrolls of blinking {@r5}
 K - 8 scrolls of vulnerability
 M - 3 scrolls of silence
 P - 14 scrolls of teleportation {@r3}
 R - a scroll of enchant armour
 U - 6 scrolls of amnesia
 V - 5 scrolls of torment
Potions
 j - 5 potions of enlightenment
 p - 4 potions of brilliance {@q5}
 q - 5 potions of haste {@q4}
 s - 12 potions of mutation {@q6}
 t - a potion of resistance
 v - 2 potions of cancellation
 x - 15 potions of curing {@q1}
 B - 2 potions of ambrosia
 G - 7 potions of heal wounds {@q2}
 I - 7 potions of lignification
 L - 3 potions of invisibility
 N - 6 potions of might {@q3}
 O - 5 potions of magic
Miscellaneous
 C - a tin of tremorstones (2/2)
 Z - a phial of floods


   Skills:
 + Level 19.1 Fighting
 - Level 2.0 Short Blades
 - Level 6.3 Armour
 + Level 17.9 Dodging
 - Level 16.0 Stealth
 - Level 6.0 Shields
 + Level 17.3 Spellcasting
 - Level 12.0 Hexes
 O Level 27 Summonings
 - Level 17.0 Necromancy
 - Level 6.0 Transmutations
 - Level 6.0 Air Magic
 - Level 4.0 Earth Magic
 - Level 8.0 Evocations


You had 8 spell levels left.
You knew the following spells:

 Your Spells              Type           Power      Damage    Failure   Level
a - Anguish               Hex/Necr       48%        N/A       1%          4
b - Animate Dead          Necr           100%       N/A       0%          4
c - Summon Mana Viper     Hex/Summ       100%       N/A       0%          5
d - Borgnjor's Vile Clut  Necr/Erth      42%        N/A       1%          5
f - Dragon's Call         Summ           63%        N/A       2%          9
g - Passwall              Tmut/Erth      52%        N/A       1%          2
i - Death Channel         Necr           52%        N/A       1%          6
s - Haunt                 Necr/Summ      58%        N/A       1%          7
v - Yara's Violent Unrav  Hex/Tmut       39%        3d16      1%          5
x - Dispel Undead         Necr           100%       3d31      0%          4

Your spell library contained the following spells:

 Spells                   Type           Power      Damage    Failure   Level
 Necrotise                Necr           100%       1d9       0%          1
 Summon Small Mammal      Summ           100%       N/A       0%          1
 Call Imp                 Summ           100%       N/A       0%          2
 Sublimation of Blood     Necr           100%       N/A       0%          2
 Call Canine Familiar     Summ           100%       N/A       0%          3
 Summon Guardian Golem    Hex/Summ       100%       N/A       0%          3
 Vampiric Draining        Necr           100%       2d13      0%          3
 Apportation              Tloc           64%        N/A       1%          1
 Beastly Appendage        Tmut           100%       N/A       1%          1
 Freeze                   Ice            100%       1d10      1%          1
 Kiss of Death            Conj/Necr      100%       2d13      1%          1
 Magic Dart               Conj           100%       1d8       1%          1
 Sting                    Tmut/Pois      100%       1d8       1%          1
 Cigotuvi's Dreadful Rot  Necr/Pois/Air  100%       N/A       1%          2
 Ensorcelled Hibernation  Hex/Ice        100%       N/A       1%          2
 Inner Flame              Hex/Fire       68%        N/A       1%          3
 Spider Form              Tmut/Pois      54%        N/A       1%          3
 Swiftness                Air            68%        N/A       1%          3
 Vhi's Electric Charge    Tloc/Air       100%       N/A       1%          3
 Animate Armour           Summ/Erth      100%       N/A       1%          4
 Cause Fear               Hex            45%        N/A       1%          4
 Fulminant Prism          Conj/Hex       34%        3d16      1%          4
 Leda's Liquefaction      Hex/Erth       38%        N/A       1%          4
 Summon Ice Beast         Ice/Summ       100%       N/A       1%          4
 Summon Lightning Spire   Summ/Air       100%       N/A       1%          4
 Agony                    Necr           100%       N/A       1%          5
 Monstrous Menagerie      Summ           63%        N/A       1%          7
 Searing Ray              Conj           64%        2d6       2%          2
 Ignite Poison            Fire/Tmut/Pois 48%        N/A       2%          3
 Petrify                  Tmut/Erth      63%        N/A       2%          4
 Blade Hands              Tmut           34%        N/A       4%          5
 Metabolic Englaciation   Hex/Ice        43%        N/A       4%          5
 Frozen Ramparts          Ice            98%        1d15      5%          3
 Hailstorm                Conj/Ice       49%        3d11      5%          3
 Simulacrum               Ice/Necr       49%        N/A       9%          6
 Lee's Rapid Deconstruct  Erth           29%        3d15*     10%         5
 Enfeeble                 Hex            45%        N/A       11%         7
 Infestation              Necr           52%        N/A       11%         8
 Alistair's Intoxication  Tmut/Pois      36%        N/A       14%         5
 Manifold Assault         Tloc           32%        N/A       17%         4
 Olgreb's Toxic Radiance  Pois           32%        N/A       17%         4
 Statue Form              Tmut/Erth      42%        N/A       34%         6
 Fireball                 Conj/Fire      16%        3d8       43%         5
 Iskenderun's Battlesphe  Conj           32%        2d8       43%         5
 Conjure Ball Lightning   Conj/Air       27%        3x3d8     61%         6
 Discord                  Hex            45%        N/A       63%         8
 Leda's Unmaking          Conj/Erth      24%        9d5       75%         6
 Dragon Form              Tmut           34%        N/A       77%         7
 Storm Form               Tmut/Air       34%        N/A       77%         7
 Dispersal                Tloc           16%        N/A       95%         6
 Orb of Destruction       Conj           16%        9d7       100%        7
 Disjunction              Tloc           16%        N/A       100%        8
 Ignition                 Fire           16%        3d6       100%        8
 Maxwell's Capacitive Co  Air            34%        ∞         100%        8
 Fire Storm               Conj/Fire      16%        8d4       100%        9


Dungeon Overview and Level Annotations

Branches:
Dungeon (15/15)            Temple (1/1) D:6            Lair (5/5) D:10
  Swamp (4/4) Lair:2        Snake (4/4) Lair:2        Slime (5/5) Lair:5
    Orc (2/2) D:9             Elf (3/3) Orc:2        Vaults (4/5) D:13
  Crypt (0/3) Vaults:2     Depths (4/4) D:15            Zot (5/5) Depths:4
Gauntlet (visited)

Altars:
Ashenzari
Cheibriados
Dithmenos
Fedhas
Gozag
Hepliaklqana
Kikubaaqudgha
Makhleb
Nemelex Xobeh
Okawaru
Qazlal
Ru
Sif Muna
Trog
Uskayaw
Vehumet
Wu Jian
Xom
Jiyva
Lugonu

Shops:
D:6 *   D:11 (   D:15 :   Orc:2 !(:(   Elf:2 *   Snake:4 ![   Vaults:3 :

Portals:
Hell: Depths:1 Depths:2 Depths:3 Depths:4
Abyss: Depths:3
Pandemonium: Depths:2
Ziggurat: Depths:2
Trove: Vaults:3 (give 4 potions of resistance)

Annotations:
D:7 dig/mmap
Elf:2 3 runed translucent doors


Innate Abilities, Weirdness & Mutations

Your natural rate of healing is accelerated.
You have razor-sharp teeth.
You have supernaturally acute eyesight. (SInv)
You are afflicted with vampirism and can become a bat while bloodless.
Your flesh is cold resistant. (rC+)
Armour fits poorly on your strangely shaped body.
You are somewhat resistant to further mutation.


Message History

The sixfirhy hits your freezing wraith but does no damage.
Your freezing wraith hits the sixfirhy!
Your freezing wraith freezes the sixfirhy!
Your freezing wraith barely misses the sixfirhy.
The zombie hands constrict the sixfirhy!
You kill the sixfirhy!
Kikubaaqudgha accepts your kill.
(D) Dungeon (T) Temple (L) Lair (S) Swamp (P) Snake Pit (M) Slime Pits (O) Orcish Mines (E) Elven Halls (V) Vaults (C) Crypt (U) Depths (H) Hell (Z) Zot
Where to? (Enter - D:1 @ (x,y), ? - help)
You swap places.
Your wraith disappears in a puff of smoke!
Your shadow wraith disappears in a puff of smoke! x2
Your freezing wraith disappears in a puff of smoke!
Your wraith disappears in a puff of smoke!
Magic restored.
There is a stone staircase leading up here.
You fly upwards.
There is a stone staircase leading down, spattered with blood here.
Things that are here:
a +0 leather armour; a +0 whip; a gnoll skeleton
There is a stone staircase leading up, spattered with blood here.
You fly upwards.
There is a stone staircase leading down here.
There is a stone staircase leading up here.
You fly upwards.
There is a stone staircase leading down here.
Things that are here:
a +0 scale mail; a +0 mace
There is a stone staircase leading up, spattered with blood here.
You fly upwards.
There is a stone staircase leading down here.
There is a stone staircase leading down here.
There is an escape hatch in the ceiling here.
A mysterious force pulls you upwards. The hatch slams shut behind you.
There is a staircase leading out of the dungeon here.
Okay, then.
You have escaped!

#....# #.#.# ##.###
#.#.# #..# #########
#.#.# ##.###.......##
#.#.# #.##.........##
#.#.#
#.#.....8.....###.#.#
#....8..8..8....#.#.#
###...........#...#.#
##....@....####.#.#
##.......#####.#.#
##########....#.#
#.####.# #.# #.#
#.####.# #......#
########


There were no monsters in sight!

Vanquished Creatures
  the Royal Jelly (Slime:5)
  A dread lich (Zot:5)
  A Killer Klown (Zot:5)
  A curse toe (Zot:4)
  Saint Roka (Depths:3)
  The ghost of Ciq Qara the Pyromancer, a veteran GrEE of Sif Muna (Vaults:3)
  3 golden dragons
  2 Orb Guardians (Zot:5)
  Zenata (Vaults:1)
  2 tentacled monstrosities
  2 deep elf blademasters (Elf:3)
  3 death cobs
  An acid blob (Slime:5)
  2 storm dragons
  The ghost of Ofax the Covert, an adept VSFi of Uskayaw (Snake:1)
  A shadow dragon (Zot:5)
  2 azure jellies (Slime:5)
  2 deep elf sorcerers (Elf:3)
  A ghost moth (Zot:3)
  2 ghouls
  4 spriggan defenders
  3 ironbound preservers
  The ghost of Gnu the Unseen, an adept SpEn of Dithmenos (Swamp:4)
  2 draconian stormcallers (Zot:2)
  5 quicksilver oozes
  The ghost of MirrMurr the Marksspriggan, an adept SpHu of Dithmenos (D:15)
  A caustic shrike skeleton (Depths:3)
  A draconian annihilator (Zot:1)
  A vampire knight (Vaults:2)
  3 deep elf demonologists
  2 deep elf annihilators (Elf:3)
  3 purple draconians
  A white draconian (Zot:3)
  2 acid blob zombies (Slime:5)
  2 deep elf death magi (Elf:3)
  A quicksilver dragon zombie (Depths:3)
  A fire dragon (Depths:4)
  A deep elf high priest (Elf:3)
  A great orb of eyes (Vaults:3)
  Josephine (D:10)
  A hydra (Swamp:4)
  3 anacondas
  An ogre mage (Orc:2)
  A spriggan air mage (Depths:4)
  2 ghost crabs
  A two-headed ogre (D:15)
  3 boulder beetles
  3 nameless horrors
  A naga warrior (Snake:3)
  A deep troll shaman (Depths:3)
  A vampire mage (Vaults:2)
  3 dancing weapons
  A naga sharpshooter (Snake:2)
  2 spriggan berserkers (Depths:3)
  A deep elf knight (Elf:2)
  A storm dragon zombie (Depths:1)
  A salamander mystic (Snake:4)
  3 sixfirhies
  3 skeletal warriors (D:15)
  Lodul (D:14)
  A skyshark (Lair:2)
  2 flayed ghosts
  2 deep elf archers (Elf:2)
  A necromancer (Depths:3)
  4 orc sorcerers (Orc:2)
  A wolf spider (Lair:5)
  5 mana vipers
  3 deep elf zephyrmancers
  A phantasmal warrior (Depths:2)
  2 ugly things
  7 deep elf pyromancers
  A manticore (D:15)
  2 salamanders (Snake:4)
  8 moths of wrath
  An elephant (Lair:5)
  A vault sentinel (Vaults:3)
  A guardian serpent (Snake:2)
  A torpor snail (Gauntlet)
  A fire giant skeleton (Depths:1)
  7 black mambas
  3 cane toads
  An unseen horror (D:11)
  A freezing wraith (D:14)
  A komodo dragon (Lair:2)
  3 tyrant leeches
  A meliai (Gauntlet)
  A troll (shapeshifter) (D:14)
  2 dream sheep (Lair:2)
  6 blink frogs
  A spriggan zombie (Depths:1)
  6 slime creatures
  A spriggan (Depths:3)
  A wyvern (D:9)
  5 golden eyes (Zot:5)
  3 steam dragons
  16 yaks
  2 fire elementals
  7 vampire mosquitoes
  2 swamp worms
  5 water moccasins
  3 orc warriors
  A black bear (D:6)
  2 ogres (D:14)
  3 wolves
  4 centaurs
  A kobold brigand (D:9)
  A bullfrog (Lair:2)
  5 elf zombies
  10 killer bees (Lair:1)
  7 electric eels
  4 hounds
  2 iguanas
  5 orc wizards
  2 gnolls
  4 adders
  A white imp (D:5)
  A worm (D:3)
  15 orcs
  4 endoplasms
  2 goblins (D:4)
  3 hobgoblins
  2 jackals (D:3)
  A quokka (D:4)
  A ball python (D:2)
  2 bats
  11 kobolds
  4 rats
323 creatures vanquished.

Vanquished Creatures (collateral kills)
  Dissolution (Slime:3)
  A dread lich (Zot:5)
  3 orbs of fire
  Mara (Depths:3)
  Mennas (Vaults:2)
  2 juggernauts
  A pandemonium lord (Zot:5)
  6 Killer Klowns (Zot:5)
  Vashnia (Snake:4)
  A curse toe (Zot:2)
  Frederick (Vaults:4)
  6 golden dragons
  the Enchantress (Depths:3)
  Jory (Vaults:4)
  A bone dragon (Depths:4)
  3 electric golems
  Jorgrun (D:15)
  13 tentacled monstrosities
  A lich (Depths:2)
  25 Orb Guardians (Zot:5)
  A quicksilver dragon (Zot:5)
  A deep elf master archer (Elf:3)
  15 acid blobs
  An Executioner (Zot:5)
  4 death cobs
  5 shadow dragons
  3 sphinxes
  Donald (Swamp:2)
  3 thorn hunters (Swamp:4)
  4 azure jellies
  5 draconian monks
  4 draconian knights
  Roxanne (Swamp:4)
  14 storm dragons
  7 rockslimes (Slime:5)
  A fenstrider witch (Swamp:3)
  2 nagarajas
  7 fire giants
  3 frost giants
  2 iron dragons
  Louise (Elf:2)
  Aizul (Elf:1)
  5 draconian shifters
  4 draconian scorchers
  A ghost moth (Zot:2)
  6 vault wardens
  4 deep elf sorcerers
  2 ghouls (Swamp:4)
  5 draconian stormcallers
  2 deep elf elementalists
  An orc warlord (Orc:2)
  2 war gargoyles
  14 draconian annihilators
  6 quicksilver oozes (Slime:5)
  15 ironbound preservers
  6 stone giants
  3 formless jellyfish
  A juggernaut skeleton (Depths:3)
  7 ironbound thunderhulks
  2 spriggan defenders
  7 very ugly things
  5 deep elf demonologists (Elf:3)
  11 white draconians
  4 black draconians
  7 green draconians
  5 deep elf annihilators
  A minotaur (Gauntlet)
  2 bunyips (Swamp:2)
  6 dire elephants
  12 red draconians
  10 yellow draconians
  3 eleionomae
  8 purple draconians
  4 deep elf death magi
  An entropy weaver (Vaults:3)
  The ghost of Cris the Blocker, a journeyman DsFi of Yredelemnul (Lair:2)
  10 ettins
  2 crystal guardians
  2 deep elf high priests
  3 vault guards
  10 great orbs of eyes
  12 yaktaur captains
  6 ice dragons
  8 ironbound frosthearts
  10 hydras
  2 rakshasas
  2 peacekeepers
  Erolcha (Orc:1)
  A salamander tyrant (Snake:4)
  4 ogre magi
  8 spriggan air magi
  8 anacondas
  3 boulder beetles
  3 centaur warriors
  19 dancing weapons
  5 alligators
  5 two-headed ogres
  A tengu warrior (Depths:2)
  6 naga warriors
  4 deep troll shamans
  A deep troll earth mage (Depths:3)
  2 vampire magi
  5 death yaks (Depths:3)
  A shock serpent (shapeshifter) (Depths:2)
  2 spriggan berserkers
  7 naga sharpshooters
  Nergalle (Orc:2)
  4 hell knights
  4 iron trolls
  7 deep elf knights
  A soul eater (Depths:4)
  Amaemon (Lair:1)
  3 skeletal warriors (D:12)
  A spark wasp zombie (Depths:3)
  4 goliath frogs
  5 salamander mystics (Snake:4)
  An orange crystal statue (Vaults:4)
  2 glowing orange brains
  9 swamp dragons
  39 deep trolls
  10 deep elf archers
  7 naga ritualists
  7 wizards
  8 deep elf zephyrmancers
  4 orc knights
  4 bog bodies
  17 deep elf pyromancers
  4 harpies
  7 necromancers
  A phantasmal warrior (Depths:2)
  4 ironbound convokers
  7 lindwurms
  Pikel (D:3)
  20 mana vipers
  2 orc sorcerers
  A wolf spider (Lair:5)
  A manticore (D:13)
  An iron dragon zombie (Depths:3)
  4 shining eyes
  A cyclops (D:15)
  18 moths of wrath
  11 salamanders
  23 ugly things
  3 elephants (Lair:5)
  28 black mambas
  3 will-o-the-wisps
  A rust devil (Zot:5)
  Maurice (D:10)
  13 vault sentinels
  A torpor snail (Lair:2)
  6 guardian serpents
  14 naga magi
  An orange demon (Lair:1)
  A gargoyle (D:10)
  8 cane toads
  A spriggan zombie (Depths:1)
  A tengu conjurer (Depths:2)
  Maggie (D:6)
  A kobold demonologist (D:11)
  A rime drake (Lair:5)
  2 komodo dragons
  28 yaktaurs
  4 trolls
  Grinder (D:6)
  A polar bear (D:15)
  2 wolf spider simulacra
  5 hornets
  6 tyrant leeches
  A wind drake (shapeshifter) (D:13)
  14 blink frogs
  A tarantella (shapeshifter) (Depths:1)
  5 dream sheep
  A jumping spider (Vaults:4)
  54 slime creatures
  A ynoxinul (Zot:5)
  A culicivora (Vaults:4)
  An air elemental (Elf:2)
  2 shadows (D:10)
  6 wraiths
  10 spriggans
  5 water elementals
  16 wyverns
  4 basilisks
  36 yaks
  4 nameless horrors
  5 fire elementals
  2 steam dragons (D:10)
  4 redbacks
  7 golden eyes
  14 vampire mosquitoes
  21 nagas
  4 wargs
  7 swamp worms
  A large abomination (Elf:1)
  A floating eye (Vaults:4)
  A floating eye (shapeshifter) (Depths:2)
  A hell hound (D:12)
  16 water moccasins
  4 acid dragons
  13 orc warriors
  10 swamp drakes
  2 sky beasts
  3 black bears
  2 ice beasts (D:8)
  8 ogres
  7 wolves
  6 centaurs
  A lemure (D:4)
  2 kobold brigands
  2 elf zombies (Elf:1)
  Blork the orc (D:5)
  7 bullfrogs
  2 gnoll sergeants
  4 earth elementals
  A necrophage (Swamp:4)
  2 scorpions
  4 wights
  31 killer bees
  2 howler monkeys
  3 electric eels
  7 jellies
  2 gnoll boudas
  11 orc priests
  9 iguanas
  Terence (D:3)
  24 orc wizards
  6 hell rats (Lair:5)
  9 gnolls
  8 adders
  4 white imps
  An ufetubus (D:4)
  3 worms
  2 dart slugs
  61 orcs
  8 endoplasms
  A giant cockroach (D:2)
  6 goblins
  4 hobgoblins
  A quokka (D:5)
  3 training dummies (Orc:2)
  6 ball pythons
  4 bats
  A frilled lizard (D:1)
  9 kobolds
  6 rats
1422 creatures vanquished.

Vanquished Creatures (others)
  A golden dragon (Zot:1)
  Mlioglotl (Swamp:4)
  Asterion (Snake:4)
  A deep elf master archer (Elf:3)
  2 death cobs
  Frances (Swamp:1)
  A shadow dragon (Zot:5)
  3 tengu reavers
  3 fenstrider witches
  8 vault wardens
  2 frost giants (Depths:2)
  A juggernaut zombie (Depths:2)
  3 fire giants (Depths:2)
  3 draconian scorchers (Zot:2)
  3 draconian stormcallers
  4 orc warlords
  6 ironbound preservers
  A stone giant (Depths:3)
  5 very ugly things
  A draconian annihilator (Zot:2)
  A Killer Klown zombie (Zot:5)
  5 ironbound thunderhulks
  An eleionoma (Swamp:2)
  A deep elf demonologist (Elf:3)
  A vampire knight (Depths:2)
  4 dire elephants
  2 yellow draconians
  A bunyip (Swamp:1)
  A deep elf annihilator (Elf:3)
  Azrael (D:12)
  11 ettins
  4 acid blob zombies (Slime:5)
  4 very ugly thing zombies
  2 yaktaur captains (Vaults:3)
  2 entropy weavers
  2 fire dragons
  5 hydras
  5 vault guards
  2 shambling mangroves
  A fenstrider witch zombie (Swamp:2)
  2 salamander tyrants
  4 spriggan air magi
  13 Orb Guardian zombies (Zot:5)
  8 anacondas
  5 centaur warriors
  3 two-headed ogres
  2 deep troll shamans
  5 alligators
  4 boulder beetles
  2 tengu warriors
  3 deep troll earth magi
  A death yak (Depths:3)
  13 naga sharpshooters
  4 naga warriors
  Urug (Lair:5)
  4 spriggan berserkers
  6 shock serpents
  2 quicksilver ooze zombies (Slime:5)
  8 deep elf knights
  9 hell knights
  Sonja (Lair:2)
  2 skeletal warriors (D:12)
  6 anaconda zombies
  A golden dragon zombie (Depths:2)
  A salamander mystic (Snake:4)
  8 goliath frogs
  A spriggan rider (Swamp:2)
  28 deep trolls
  3 naga ritualists
  A sphinx zombie (Depths:2)
  4 bog bodies
  2 goliath frog zombies
  5 swamp dragons
  A tengu zombie (Depths:2)
  3 deep elf archers (Elf:2)
  5 deep elf pyromancers
  An ironbound convoker (Vaults:3)
  A lindwurm (Snake:4)
  7 mana vipers
  4 draconian zombies (Zot:1)
  3 orc sorcerers
  2 stone giant zombies (Depths:2)
  5 orc knights
  2 fire giant zombies (Depths:2)
  9 deep elf zephyrmancers
  2 eleionoma zombies
  A manticore (D:15)
  7 ugly things
  9 salamanders
  28 human zombies
  2 shock serpent zombies
  An elephant (Lair:5)
  9 black mambas
  3 moths of wrath
  2 guardian serpents
  4 dire elephant zombies
  4 vault sentinels
  3 naga magi
  A gargoyle (D:13)
  A death yak zombie (Depths:3)
  An efreet (D:15)
  4 cane toads
  3 red draconian zombies (Zot:1)
  4 swamp worm zombies
  A purple draconian zombie (Zot:1)
  2 komodo dragons
  A rime drake (Lair:5)
  9 yaktaurs
  2 white draconian zombies (Zot:1)
  A tengu conjurer (Depths:2)
  3 harpy zombies (Vaults:2)
  10 mana viper zombies
  2 hydra zombies (Swamp:4)
  2 meliai (Gauntlet)
  A bloated husk (Swamp:3)
  3 ugly thing zombies (Depths:4)
  2 hornets (Lair:5)
  2 moth of wrath zombies
  12 ettin zombies
  A wind drake (shapeshifter) (D:14)
  A guardian serpent zombie (Snake:3)
  2 alligator zombies (Swamp:4)
  6 tyrant leeches
  A raiju (shapeshifter) (D:15)
  6 slime creatures
  An air elemental (Elf:1)
  2 dream sheep (Lair:5)
  A fire dragon zombie (Depths:2)
  A jumping spider (Vaults:1)
  12 slime creature zombies
  18 black mamba zombies
  8 yaks
  A culicivora (shapeshifter) (D:13)
  5 spriggans (Lair:1)
  5 wyverns
  A wraith (D:10)
  A tyrant leech zombie (Swamp:3)
  6 vampire mosquitoes
  10 elf zombies
  20 nagas
  26 deep troll zombies
  4 swamp worms
  An acid dragon (D:11)
  2 hell hounds (D:12)
  A water moccasin (Lair:5)
  4 orc warriors
  An ogre (D:14)
  2 swamp drakes
  4 swamp dragon zombies
  2 orc zombies
  4 centaurs
  5 vampire mosquito zombies
  3 wolves
  33 naga zombies
  12 yaktaur zombies
  5 salamander zombies
  11 spriggan zombies
  A black bear zombie (Lair:1)
  An orc wizard (Orc:2)
  A hell rat (Lair:5)
  2 swamp drake zombies
  3 orcs
  24 foxfires
715 creatures vanquished.

Grand Total: 2460 creatures vanquished

Notes
Turn   | Place    | Note
-------+----------+-------------------------------------------
     0 | D:1      | PaperRat the Vampire Summoner began the quest for the Orb.
     0 | D:1      | Reached XP level 1. HP: 13/13 MP: 3/3
   207 | D:1      | Reached XP level 2. HP: 20/20 MP: 3/5
   215 | D:1      | Learned a level 2 spell: Call Imp
   434 | D:1      | Reached skill level 1 in Fighting
   729 | D:1      | Gained mutation: You are afflicted with vampirism and can
                  | become a bat while bloodless. [Vampire growth]
   729 | D:1      | Reached XP level 3. HP: 26/26 MP: 3/6
   735 | D:1      | Learned a level 3 spell: Call Canine Familiar
  1519 | D:2      | Identified the +5 short sword "Zuphud" {speed, Dex+3}
  1849 | D:3      | Found a shimmering blue altar of Sif Muna.
  1877 | D:3      | Noticed Terence
  1886 | D:3      | Reached XP level 4. HP: 20/33 MP: 7/7
  1919 | D:3      | Killed Terence
  1982 | D:3      | Found a sparkling altar of Nemelex Xobeh.
  2077 | D:3      | Reached skill level 5 in Summonings
  2136 | D:3      | Found a faded altar of an unknown god.
  2411 | D:4      | Reached XP level 5. HP: 39/39 MP: 8/8
  2432 | D:4      | Noticed a lemure
  2449 | D:4      | Killed a lemure
  2483 | D:4      | Noticed Pikel
  2487 | D:4      | Noticed a lemure
  2495 | D:4      | Noticed a lemure
  2495 | D:4      | Noticed a lemure
  2635 | D:3      | Killed Pikel
  2636 | D:3      | Reached skill level 5 in Stealth
  2636 | D:3      | Reached skill level 6 in Summonings
  2636 | D:3      | Reached skill level 1 in Air Magic
  2636 | D:3      | Reached XP level 6. HP: 48/48 MP: 7/9
  2636 | D:3      | Reached XP level 7. HP: 54/54 MP: 7/10
  2641 | D:3      | Learned a level 4 spell: Summon Lightning Spire
  3031 | D:5      | Entered Level 5 of the Dungeon
  3230 | D:5      | Found an iron altar of Okawaru.
  3233 | D:5      | Found a burning altar of Makhleb.
  3436 | D:5      | Reached XP level 8. HP: 60/60 MP: 12/12
  4329 | D:6      | Noticed Blork the orc
  4329 | D:6      | Noticed Grinder
  4350 | D:5      | Killed Blork the orc
  4556 | D:6      | Killed Grinder
  4574 | D:6      | Identified the +6 whip of Fee Simple {venom, rF+ rCorr
                  | Str-5}
  4579 | D:6      | Found a broken altar of Ashenzari.
  4695 | D:6      | Reached skill level 5 in Air Magic
  4736 | D:6      | Reached skill level 5 in Fighting
  4836 | D:6      | Reached XP level 9. HP: 68/68 MP: 10/15
  4875 | D:6      | Reached skill level 7 in Summonings
  4877 | D:6      | Found Xoykk's Lightly-Used Armoury.
  4986 | D:6      | Noticed Maggie
  5029 | D:6      | Killed Maggie
  5183 | D:6      | Found a staircase to the Ecumenical Temple.
  5291 | Temple   | Entered the Ecumenical Temple
  5500 | Temple   | Became a worshipper of Kikubaaqudgha
  6100 | D:7      | Reached * piety under Kikubaaqudgha
  6100 | D:7      | Received a gift from Kikubaaqudgha
  6349 | D:6      | Reached skill level 8 in Summonings
  6585 | D:8      | Noticed a two-headed ogre
  6617 | D:8      | Killed a two-headed ogre
  6618 | D:8      | Reached skill level 5 in Dodging
  6618 | D:8      | Reached XP level 10. HP: 77/77 MP: 6/17
  6729 | D:8      | Reached skill level 5 in Spellcasting
  6897 | D:8      | Found a bloodstained altar of Trog.
  7552 | D:9      | Reached skill level 1 in Shields
  7616 | D:9      | Reached ** piety under Kikubaaqudgha
  7655 | D:9      | Found a staircase to the Orcish Mines.
  7826 | D:9      | Reached skill level 9 in Summonings
  8039 | D:9      | Reached XP level 11. HP: 86/86 MP: 14/18
  8511 | D:9      | Reached skill level 10 in Summonings
  8516 | D:9      | Learned a level 4 spell: Cause Fear
  8578 | D:9      | Found an ornate altar of the Wu Jian Council.
  8736 | D:9      | Noticed a two-headed ogre
  8768 | D:9      | Killed a two-headed ogre
  8768 | D:9      | Reached *** piety under Kikubaaqudgha
  8768 | D:9      | Received a gift from Kikubaaqudgha
  9106 | D:10     | Entered Level 10 of the Dungeon
  9429 | D:10     | Reached skill level 1 in Evocations
  9443 | D:10     | Reached skill level 5 in Shields
  9601 | D:10     | Noticed Maurice
  9632 | D:10     | Killed Maurice
  9650 | D:10     | Found a staircase to the Lair.
 10176 | Lair:1   | Entered Level 1 of the Lair of Beasts
 10211 | Lair:1   | Reached skill level 5 in Hexes
 10296 | D:10     | Reached **** piety under Kikubaaqudgha
 10424 | Lair:1   | Learned a level 4 spell: Anguish
 10574 | Lair:1   | Reached skill level 1 in Necromancy
 10627 | Lair:1   | Noticed a boulder beetle
 10664 | Lair:1   | Killed a boulder beetle
 10671 | Lair:1   | Reached XP level 12. HP: 92/92 MP: 19/21
 10996 | Lair:1   | Noticed Amaemon
 11472 | Lair:1   | Reached skill level 5 in Necromancy
 11476 | Lair:1   | Killed Amaemon
 11829 | Lair:2   | Reached skill level 1 in Armour
 11864 | Lair:2   | Reached ***** piety under Kikubaaqudgha
 11872 | Lair:2   | Learned a level 3 spell: Vampiric Draining
 11965 | Lair:2   | Found a staircase to the Snake Pit.
 11965 | Lair:2   | Noticed Sonja
 11981 | Lair:2   | Killed Sonja
 11982 | Lair:2   | Reached skill level 10 in Hexes
 12149 | Lair:2   | Reached skill level 5 in Evocations
 12430 | Lair:2   | Found a transporter.
 12443 | Lair:2   | Noticed Cris's ghost (journeyman DsFi)
 12448 | Lair:2   | Noticed a boulder beetle
 12460 | Lair:2   | Found a transporter.
 12619 | Lair:2   | Noticed a five-headed hydra
 12631 | Lair:2   | Killed a five-headed hydra
 12722 | Lair:2   | Found a staircase to the Swamp.
 12724 | Lair:2   | Noticed a six-headed hydra
 12738 | Lair:2   | Killed a six-headed hydra
 13266 | Lair:3   | Noticed a five-headed hydra
 13279 | Lair:3   | Killed a five-headed hydra
 13280 | Lair:3   | Reached XP level 13. HP: 100/100 MP: 9/22
 13431 | Lair:3   | You fall into a shaft and drop 2 floors!
 13431 | Lair:5   | Entered Level 5 of the Lair of Beasts
 13860 | Lair:4   | Identified the +7 battleaxe of Yredelemnul's Esteem {drain,
                  | Str+6}
 15206 | Lair:5   | Noticed Urug
 15211 | Lair:5   | Killed Urug
 15598 | Lair:5   | Found a viscous altar of Jiyva.
 15601 | Lair:5   | Found a staircase to the Slime Pits.
 15604 | Lair:5   | Reached skill level 5 in Armour
 15636 | Lair:5   | Reached ****** piety under Kikubaaqudgha
 15740 | Lair:5   | Reached skill level 10 in Fighting
 16035 | Lair:5   | Reached XP level 14. HP: 110/110 MP: 14/23
 16135 | Lair:5   | Reached skill level 11 in Summonings
 17103 | D:9      | Received a gift from Kikubaaqudgha
 17124 | D:9      | Upgraded the game from 0.31-a0-145-g046c7d2549 to
                  | 0.31-a0-149-g3fdcc5976a
 17125 | Orc:1    | Entered Level 1 of the Orcish Mines
 17661 | Orc:2    | Entered Level 2 of the Orcish Mines
 17854 | Orc:2    | Found a staircase to the Elven Halls.
 17857 | Orc:2    | Found Lucufu's Firing Range.
 17989 | Orc:2    | Noticed an orc warlord
 17997 | Orc:2    | Reached skill level 10 in Necromancy
 18042 | Orc:2    | Killed an orc warlord
 18322 | Orc:1    | Noticed Erolcha
 18337 | Orc:1    | Killed Erolcha
 18608 | Orc:2    | Found Plog's Book Boutique.
 18663 | Orc:2    | Found a radiant altar of Vehumet.
 18735 | Orc:2    | Found Lygy's Antique Weapon Boutique.
 18785 | Orc:2    | Found Axufe's Antique Weapon Shop.
 18791 | Orc:2    | Noticed Nergalle
 18813 | Orc:2    | Killed Nergalle
 18884 | Orc:2    | Found an ancient bone altar of Kikubaaqudgha.
 18942 | Orc:2    | Found Cyadghio's Distillery.
 18976 | Orc:2    | Bought 2 potions of mutation for 256 gold pieces
 18976 | Orc:2    | Bought a potion of lignification for 48 gold pieces
 19416 | Lair:2   | Killed Cris's ghost
 19797 | D:11     | Found Iwkiff's Weapon Emporium.
 20562 | D:12     | Reached skill level 12 in Summonings
 20932 | D:12     | Noticed Azrael
 20941 | D:12     | Killed Azrael
 21126 | D:12     | Reached XP level 15. HP: 95/115 MP: 4/26
 21502 | D:12     | Learned a level 4 spell: Dispel Undead
 21703 | D:13     | Found a gate to the Vaults.
 22692 | D:14     | Reached skill level 13 in Summonings
 22692 | D:14     | Noticed Lodul
 22710 | D:14     | Killed Lodul
 22738 | D:14     | Got the Reference Book on Effluvium
 22778 | D:14     | Found a gate leading to a gauntlet.
 22809 | Gauntlet | Entered a Gauntlet
 22809 | Gauntlet | Found a transporter.
 22816 | Gauntlet | Found a transporter.
 22818 | Gauntlet | Found a transporter.
 22833 | Gauntlet | Found a transporter.
 22834 | Gauntlet | Found a transporter.
 22844 | Gauntlet | Found a transporter.
 22860 | Gauntlet | Found a transporter.
 22870 | Gauntlet | Found a transporter.
 22879 | Gauntlet | Found a runed translucent door.
 22880 | Gauntlet | Found a transporter.
 22881 | Gauntlet | Found a runed translucent door.
 22894 | Gauntlet | Found a transporter.
 22903 | Gauntlet | Found a transporter.
 22907 | Gauntlet | Found a transporter.
 22988 | Gauntlet | Learned a level 6 spell: Death Channel
 22989 | Gauntlet | Found a transporter.
 23122 | Gauntlet | Found a transporter.
 23124 | Gauntlet | Identified the +0 pair of gloves of Eruduv {Int+6}
 23158 | Gauntlet | Identified the +2 flail "Qikleaff" {heavy, *Rage rPois
                  | Int+5}
 23158 | Gauntlet | Identified the ring "Qopo" {Ice Will+}
 23192 | Gauntlet | Identified the +4 kite shield of Vexation {Rampage Int+2
                  | Dex-3}
 23529 | D:14     | Identified the +0 quarterstaff "Demonbane" {heavy, Str+3}
 23548 | D:14     | Found a viscous altar of Jiyva.
 23759 | D:15     | Entered Level 15 of the Dungeon
 23931 | D:15     | Found a runed translucent door.
 23931 | D:15     | Noticed MirrMurr's ghost (adept SpHu)
 23947 | D:15     | Killed MirrMurr's ghost
 24009 | D:15     | Found Raeceg's Self-Improvement Boutique.
 24375 | D:15     | Reached skill level 14 in Summonings
 24479 | D:15     | Noticed Jorgrun
 24490 | D:15     | Killed Jorgrun
 24636 | D:15     | Reached XP level 16. HP: 111/122 MP: 29/29
 24692 | D:15     | Found a staircase to the Depths.
 24908 | D:15     | Bought a manual of Dodging for 1200 gold pieces
 25010 | D:10     | Noticed Josephine
 25028 | D:10     | Killed Josephine
 25319 | Orc:2    | Bought a book of Death for 748 gold pieces
 25508 | Lair:2   | Learned a level 4 spell: Animate Dead
 25509 | Snake:1  | Entered Level 1 of the Snake Pit
 25700 | Snake:1  | Found a transporter.
 25700 | Snake:1  | Found a transporter.
 25718 | Snake:1  | Found a bloodstained altar of Trog.
 25718 | Snake:1  | Noticed Ofax's ghost (adept VSFi)
 25795 | Snake:1  | You fall into a shaft and drop 1 floor!
 25901 | Snake:1  | Killed Ofax's ghost
 26374 | Snake:2  | Reached skill level 10 in Dodging
 26500 | Snake:2  | Reached skill level 15 in Summonings
 26933 | Snake:3  | Reached skill level 15 in Necromancy
 27745 | Snake:3  | Reached XP level 17. HP: 112/131 MP: 16/30
 28022 | Snake:4  | Entered Level 4 of the Snake Pit
 28222 | Snake:4  | Noticed Asterion
 28243 | Snake:4  | Gained mutation: Potions are less effective at restoring
                  | your health. [a cacodemon]
 28420 | Snake:4  | Killed Asterion
 28421 | Snake:4  | Reached skill level 10 in Stealth
 28526 | Snake:4  | Noticed Vashnia
 28598 | Snake:4  | Killed Vashnia
 28849 | Snake:4  | Found Pineyth's Distillery.
 28854 | Snake:4  | Lost mutation: Potions are less effective at restoring your
                  | health. [potion of mutation]
 28854 | Snake:4  | Gained mutation: Your body sometimes deteriorates upon
                  | taking damage. [potion of mutation]
 28854 | Snake:4  | Gained mutation: You possess an exceptional clarity of
                  | mind. [potion of mutation]
 28854 | Snake:4  | Gained mutation: You have sharp fingernails. [potion of
                  | mutation]
 28855 | Snake:4  | Lost mutation: You possess an exceptional clarity of mind.
                  | [potion of mutation]
 28855 | Snake:4  | Lost mutation: You have sharp fingernails. [potion of
                  | mutation]
 28855 | Snake:4  | Gained mutation: You have a somewhat thin skeletal
                  | structure. (Dex +2, Stealth+) [potion of mutation]
 28855 | Snake:4  | Gained mutation: You expend magic power (3 MP) to
                  | strengthen your wands. [potion of mutation]
 28856 | Snake:4  | Lost mutation: You expend magic power (3 MP) to strengthen
                  | your wands. [potion of mutation]
 28856 | Snake:4  | Lost mutation: You have a somewhat thin skeletal structure.
                  | (Dex +2, Stealth+) [potion of mutation]
 28856 | Snake:4  | Lost mutation: Your body sometimes deteriorates upon taking
                  | damage. [potion of mutation]
 28856 | Snake:4  | Gained mutation: You are weak. (Str -2) [potion of
                  | mutation]
 28856 | Snake:4  | Gained mutation: Your mind is acute. (Int +4, Str/Dex -1)
                  | [potion of mutation]
 28856 | Snake:4  | Gained mutation: Your flesh is cold resistant. (rC+)
                  | [potion of mutation]
 28943 | Snake:4  | Found Joovvij's Antique Armour Shop.
 28946 | Snake:4  | Bought a fine helmet for 266 gold pieces
 28946 | Snake:4  | Identified the +2 helmet "Siboahom" {Harm} (You bought it
                  | in a shop on level 4 of the Snake Pit)
 29227 | Snake:4  | Reached skill level 10 in Spellcasting
 29548 | Snake:4  | Reached skill level 16 in Summonings
 29570 | Snake:4  | Got a serpentine rune of Zot
 29833 | Swamp:1  | Entered Level 1 of the Swamp
 29890 | Swamp:1  | Noticed Frances
 29897 | Swamp:1  | Killed Frances
 30416 | Swamp:2  | Reached XP level 18. HP: 140/140 MP: 21/32
 30474 | Swamp:2  | Found a shimmering altar of Xom.
 30474 | Swamp:2  | Noticed Donald
 30505 | Swamp:2  | Killed Donald
 30633 | Swamp:2  | Reached skill level 15 in Dodging
 31678 | Swamp:4  | Entered Level 4 of the Swamp
 31843 | Swamp:4  | Noticed Mlioglotl
 31859 | Swamp:4  | Killed Mlioglotl
 31883 | Swamp:4  | Found a runed translucent gate.
 31883 | Swamp:4  | Found a runed translucent gate.
 31884 | Swamp:4  | Found a runed translucent gate.
 31886 | Swamp:4  | Noticed Gnu's ghost (adept SpEn)
 31898 | Swamp:4  | Killed Gnu's ghost
 31909 | Swamp:4  | Identified the ring "Tijenk" {Fly rN+ Dex+6}
 32139 | Swamp:4  | Got a decaying rune of Zot
 32305 | Swamp:4  | Identified Roxanne's Notes on Therianthropy
 32305 | Swamp:4  | Noticed Roxanne
 32322 | Swamp:4  | Killed Roxanne
 32336 | Swamp:4  | Learned a level 7 spell: Haunt
 32892 | Elf:1    | Entered Level 1 of the Elven Halls
 32920 | Elf:1    | Paralysed by an air elemental for 1 turns
 33459 | Elf:1    | Reached skill level 17 in Summonings
 33650 | Elf:1    | Noticed Aizul
 33693 | Elf:1    | Killed Aizul
 33727 | Elf:1    | Reached XP level 19. HP: 148/148 MP: 34/34
 34094 | Elf:1    | Got the Guide on Evil Mysteries
 34538 | Elf:1    | Found a shimmering blue altar of Sif Muna.
 34724 | Elf:2    | Reached XP level 20. HP: 148/155 MP: 18/35
 34778 | Elf:2    | Found a runed translucent gate.
 34779 | Elf:2    | Found a runed translucent gate.
 34779 | Elf:2    | Found a runed translucent gate.
 35141 | Elf:2    | Found Wilog's CLEARANCE SALE!.
 35150 | Elf:2    | Bought a wand of digging (5) for 126 gold pieces
 35150 | Elf:2    | Bought a scroll of teleportation for 18 gold pieces
 35184 | Elf:2    | Noticed Louise
 35190 | Elf:2    | Killed Louise
 35742 | Elf:2    | Learned a level 5 spell: Yara's Violent Unravelling
 35743 | Elf:3    | Entered Level 3 of the Elven Halls
 35758 | Elf:3    | Reached skill level 1 in Transmutations
 37533 | Elf:3    | Identified the +5 falchion "Bunoxt" {freeze, rCorr Str+2}
 37576 | Elf:3    | Identified the +7 spear of Kev Adoh {vamp, rElec rPois rF+
                  | Str-4}
 37576 | Elf:3    | Identified the +1 leather armour of Follow the Leader
                  | {Int+3 Stlth+}
 38026 | Elf:3    | Identified the +1 cloak of Daffodils {rPois rF- rN+}
 38046 | Elf:3    | Identified the +2 hand axe of Xeankeud {pain, rPois rN+
                  | Str-2 Int+3}
 38067 | Elf:3    | Identified the +1 plate armour "Jeemogus" {rPois rC+++
                  | Slay-2 SInv}
 38945 | Elf:3    | Lost mutation: Your mind is acute. (Int +4, Str/Dex -1)
                  | [potion of mutation]
 38945 | Elf:3    | Lost mutation: You are weak. (Str -2) [potion of mutation]
 38945 | Elf:3    | Gained mutation: Armour fits poorly on your strangely
                  | shaped body. [potion of mutation]
 38945 | Elf:3    | Gained mutation: You are somewhat resistant to further
                  | mutation. [potion of mutation]
 39090 | Orc:2    | Bought a fine spear for 192 gold pieces
 39090 | Orc:2    | Identified the +10 spear of Gehenna {heavy, *Rage rPois
                  | Will- Dex+9} (You bought it in a shop on level 2 of the
                  | Orcish Mines)
 39091 | Orc:2    | Bought a brightly glowing long sword for 204 gold pieces
 39091 | Orc:2    | Identified the +6 long sword "Spiderslayer" {freeze, rF+}
                  | (You bought it in a shop on level 2 of the Orcish Mines)
 39092 | Orc:2    | Bought a smoking long sword for 204 gold pieces
 39092 | Orc:2    | Identified the +1 long sword "Secret Weapon" {venom, rN+
                  | Int+3 Stlth+} (You bought it in a shop on level 2 of the
                  | Orcish Mines)
 39108 | Orc:2    | Bought a crude falchion for 240 gold pieces
 39108 | Orc:2    | Identified the +10 falchion of Darkness {pain, rPois rN+
                  | Dex-4} (You bought it in a shop on level 2 of the Orcish
                  | Mines)
 39261 | Vaults:1 | Entered Level 1 of the Vaults
 39642 | Vaults:1 | Reached skill level 18 in Summonings
 39673 | Vaults:1 | Reached skill level 5 in Transmutations
 39864 | Vaults:1 | Noticed Zenata
 39897 | Vaults:1 | Killed Zenata
 39962 | Vaults:1 | Reached XP level 21. HP: 157/165 MP: 11/37
 41095 | Vaults:2 | Found a staircase to the Crypt.
 41557 | Vaults:2 | Reached skill level 15 in Fighting
 41604 | Vaults:2 | Reached skill level 19 in Summonings
 42188 | Vaults:2 | Noticed Mennas
 42203 | Vaults:2 | Killed Mennas
 42989 | Vaults:3 | Found a runed translucent door.
 42989 | Vaults:3 | Noticed Ciq Qara's ghost (veteran GrEE)
 43230 | Vaults:3 | Killed Ciq Qara's ghost
 43443 | Vaults:3 | Found Gaqoleac's Book Shoppe.
 43512 | Vaults:3 | Reached XP level 22. HP: 177/177 MP: 34/40
 43768 | Vaults:3 | Found a portal to a secret trove of treasure.
 44314 | Vaults:3 | Bought a book of Beasts for 532 gold pieces
 44320 | Vaults:3 | Learned a level 5 spell: Summon Mana Viper
 44649 | Vaults:4 | Noticed Frederick
 44666 | Vaults:4 | Killed Frederick
 44895 | Vaults:4 | Reached skill level 15 in Spellcasting
 44904 | Vaults:4 | Reached skill level 20 in Summonings
 45507 | Vaults:4 | Noticed Jory
 45524 | Vaults:4 | Killed Jory
 46462 | Slime:1  | Entered Level 1 of the Pits of Slime
 46546 | Slime:3  | Noticed Dissolution
 46555 | Slime:3  | Killed Dissolution
 46718 | Slime:4  | Paralysed by a formless jellyfish for 1 turns
 46720 | Slime:4  | Paralysed by a formless jellyfish for 1 turns
 46836 | Slime:5  | Entered Level 5 of the Pits of Slime
 47011 | Slime:5  | Noticed the Royal Jelly
 47027 | Slime:5  | Killed the Royal Jelly
 47370 | Slime:5  | Identified the ring of Aphagh {rElec rCorr Int+3 Dex+6}
 47376 | Slime:5  | Identified the +6 mace of Rothrol {freeze, *Rage rElec MP+9
                  | Str-5}
 47452 | Slime:5  | Got a slimy rune of Zot
 47453 | Slime:5  | Identified the +8 battleaxe "Aggydiu" {chaos, rN++ rCorr}
 47818 | Orc:2    | Bought a dazzling morningstar for 270 gold pieces
 47818 | Orc:2    | Identified the +0 morningstar of Fortitude {venom, rC-
                  | Int+3 Dex+2} (You bought it in a shop on level 2 of the
                  | Orcish Mines)
 48333 | Snake:4  | Bought a potion of magic for 104 gold pieces
 48333 | Snake:4  | Bought a potion of enlightenment for 65 gold pieces
 48333 | Snake:4  | Bought a potion of curing for 39 gold pieces
 48333 | Snake:4  | Bought a potion of mutation for 104 gold pieces
 48333 | Snake:4  | Bought a potion of mutation for 104 gold pieces
 48630 | Depths:1 | Entered Level 1 of the Depths
 48806 | Depths:1 | Found a gateway to Hell.
 48959 | Depths:1 | Reached XP level 23. HP: 182/188 MP: 16/43
 49042 | Depths:1 | Reached skill level 21 in Summonings
 49042 | Depths:1 | Identified a scroll of acquirement
 49048 | Depths:1 | Acquired 1247 gold pieces
 49560 | Depths:1 | Learned a level 2 spell: Passwall
 49570 | Depths:1 | Learned a level 9 spell: Dragon's Call
 49587 | Depths:2 | Noticed a juggernaut
 49595 | Depths:2 | Killed a juggernaut
 50023 | Depths:2 | Found a one-way gateway to a ziggurat.
 50025 | Depths:2 | Found a one-way gate leading to the halls of Pandemonium.
 50524 | Depths:2 | Reached skill level 22 in Summonings
 51038 | Depths:3 | Noticed a juggernaut
 51053 | Depths:3 | Killed a juggernaut
 51084 | Depths:3 | Identified the +12 great sword of Sin {venom, rN+ MP+9}
 51087 | Depths:3 | Identified the +9 dagger "Meohy" {elec, rF++ Str-4 Int+2
                  | Dex+2}
 51089 | Depths:3 | Identified the +9 short sword of Vimixtah {vamp, Drain
                  | rCorr Int+6 SInv}
 51093 | Depths:3 | Identified the +4 shortbow "Upniaraedgh" {flame, +Blink
                  | rF+}
 51117 | Depths:3 | Identified the staff of cold "Cudun" {+Blink rC+ Will+}
 51120 | Depths:3 | Got the Cyclopedia of the Map and Wildfire
 51122 | Depths:3 | Got the Papyrus of Embers and the Mausoleum
 51123 | Depths:3 | Identified the staff of earth "Wufahae" {rF+ Int+2}
 51140 | Depths:3 | Learned a level 5 spell: Borgnjor's Vile Clutch
 51211 | Depths:3 | Noticed Saint Roka
 51228 | Depths:3 | Killed Saint Roka
 51229 | Depths:3 | Reached skill level 1 in Earth Magic
 51305 | Depths:3 | Noticed Mara
 51322 | Depths:3 | Killed Mara
 51578 | Depths:3 | Reached skill level 23 in Summonings
 51746 | Depths:3 | You fall into a shaft and drop 1 floor!
 51746 | Depths:4 | Entered Level 4 of the Depths
 51904 | Depths:3 | Noticed the Enchantress
 51922 | Depths:3 | Killed the Enchantress
 52187 | Depths:3 | Found a corrupted altar of Lugonu.
 52188 | Depths:3 | Found a one-way gate to the infinite horrors of the Abyss.
 52453 | Depths:4 | Reached XP level 24. HP: 176/197 MP: 29/43
 52485 | Depths:4 | Upgraded the game from 0.31-a0-149-g3fdcc5976a to
                  | 0.31-a0-150-g89dc3ad700
 52724 | Depths:4 | Found an opulent altar of Gozag.
 53063 | Depths:4 | Reached skill level 24 in Summonings
 53227 | Depths:4 | Found a gate to the Realm of Zot.
 53642 | Zot:1    | Entered Level 1 of the Realm of Zot
 54171 | Zot:1    | Reached skill level 25 in Summonings
 55341 | Zot:2    | Reached skill level 26 in Summonings
 55573 | Zot:2    | You are sucked into a shaft and drop 2 floors!
 56775 | Zot:2    | Reached XP level 25. HP: 172/204 MP: 13/43
 57259 | Zot:3    | Reached skill level 27 in Summonings
 57392 | Zot:3    | Noticed an orb of fire
 57411 | Zot:3    | Killed an orb of fire
 59192 | Zot:5    | Entered Level 5 of the Realm of Zot
 59747 | Zot:5    | Noticed a dread lich
 59788 | Zot:5    | Killed a dread lich
 59944 | Zot:5    | Noticed an orb of fire
 59951 | Zot:5    | Killed an orb of fire
 59959 | Zot:5    | Noticed a Killer Klown
 59969 | Zot:5    | Killed a Killer Klown
 60373 | Zot:5    | Reached skill level 15 in Stealth
 60400 | Zot:5    | Noticed a dread lich
 60406 | Zot:5    | Killed a dread lich
 60424 | Zot:5    | Noticed an orb of fire
 60429 | Zot:5    | Killed an orb of fire
 60429 | Zot:5    | Noticed a Killer Klown
 60429 | Zot:5    | Noticed a Killer Klown
 60432 | Zot:5    | Noticed a Killer Klown
 60434 | Zot:5    | Noticed a Killer Klown
 60435 | Zot:5    | Noticed a Killer Klown
 60437 | Zot:5    | Noticed a Killer Klown
 60438 | Zot:5    | Killed a Killer Klown
 60439 | Zot:5    | Killed a Killer Klown
 60440 | Zot:5    | Killed a Killer Klown
 60441 | Zot:5    | Killed a Killer Klown
 60442 | Zot:5    | Killed a Killer Klown
 60445 | Zot:5    | Reached XP level 26. HP: 208/215 MP: 7/44
 60507 | Zot:5    | Got the Orb of Zot
 60535 | Zot:5    | Noticed Rejugos the pandemonium lord
 60548 | Zot:5    | Killed Rejugos the pandemonium lord
 61076 | D:$      | Escaped with the Orb!

Illustrated notes

Levels and vault maps discovered:
D:1:      dreamdust_arrival_beginning_and_end, layout_basic
D:2:      layout_rooms, serial_corexii_hall, chequers_hall_statues_corner_a,
          corexii_hall_statues_i, corexii_hall_statues_s,
          chequers_hall_statues_y, chequers_hall_statues_corner_a,
          chequers_hall_statues_y
D:3:      layout_rooms, nicolae_overflow_crystal_walls,
          nicolae_sif_muna_condensation, hellmonk_ecumenical_altar_lost_god,
          uniq_terence
D:4:      layout_loops_ring, uniq_pikel
D:5:      layout_gridville, mainiacjoe_overflow_catwalk_spiral,
          eino_small_chamber_without_monster, minmay_fractal_squares_diagonal_5
D:6:      layout_cave_pools, mainiacjoe_overflow_small_starburst,
          minmay_temple_entry_poolview, minmay_shop_damaged, uniq_blork_the_orc,
          uniq_grinder, uniq_maggie
D:7:      kennysheep_big_flooded_room, layout_rooms
D:8:      layout_basic, nicolae_overflow_hidden_temple, grunt_ministairs_3
D:9:      layout_basic, mainiacjoe_overflow_catch_the_wave, orc_0_dummy,
          chequers_jeans
D:10:     layout_stronghold, erik_lair_orcish_takeover, serial_bayou_pond_b,
          uniq_josephine, uniq_maurice
D:11:     layout_long_grid, serial_shops, shop
D:12:     layout_roguey, minmay_misc_feat_nine_boxes, uniq_azrael
D:13:     layout_roguey, skrybe_vaults_entry_preservation
D:14:     layout_rooms, gauntlet_entry_generic, jiyva_altar_1, uniq_lodul
D:15:     hangedman_depths_entry_civil_slaughter, layout_rooms, serial_ice,
          serial_ice_f, serial_ice_g, serial_ice_o, serial_ice_c,
          gammafunk_ghost_grave, nicolae_shop_self_help, uniq_jorgrun
Temple:   minmay_temple_curvy_branch
Lair:1:   wad_woods_minihive, layout_cave_pods, uniq_amaemon
Lair:2:   layout_roguey, palyth_hydra_swamp_entry, dummy_snake_entry,
          gammafunk_ghost_berserking_beasts, infiniplex_staircase_pool_2,
          grunt_megastairs_4, uniq_sonja
Lair:3:   layout_gridlike
Lair:4:   layout_misc_corridors
Lair:5:   guppyfry_lair_end_dragon, layout_small_grid,
          hangedman_lair_tendril_chambers, slime_entry_1, uniq_urug
Swamp:1:  layout_falls_marsh, evilmike_swamp_ruin_house_2, uniq_frances
Swamp:2:  layout_basic_swamp, evilmike_swamp_ruin_house_4, swamp_pool1,
          nicolae_swamp_godswood, uniq_donald
Swamp:3:  layout_falls_marsh, serial_swamp_ruin, evilmike_swamp_ruin_house_1,
          evilmike_swamp_ruin_rubble_1
Swamp:4:  swamp_alternative, layout_basic_swamp, ebering_ghost_rock_garden,
          uniq_mlioglotl, uniq_roxanne
Snake:1:  layout_misc_corridors, gammafunk_ghost_wrathful_warriors
Snake:2:  layout_onion_interference
Snake:3:  layout_layer_cave, nicolae_snake_double_loop
Snake:4:  snake_pit_salamanders_mu, layout_misc_corridors, serial_shops, shop,
          nicolae_shop_tiny_real_fake_doors, uniq_asterion, uniq_vashnia
Slime:1:  layout_caves, nicolae_slime_getting_an_eyeful
Slime:2:  layout_caves
Slime:3:  layout_caves, dissolution_awaits
Slime:4:  layout_caves
Slime:5
Orc:1:    layout_caves, nicolae_orc_lava_tube, uniq_erolcha
Orc:2:    kennysheep_orc_mage_school, layout_caves, nicolae_shop_firing_range
Elf:1:    layout_geoelf_grid, minmay_elf_necromancy, hangedman_decor_cross_pass,
          lemuel_upstairs_altar, uniq_aizul
Elf:2:    nicolae_elf_blades_crystal_corner, layout_loops_corners,
          nicolae_shop_clearance, uniq_louise
Elf:3:    grunt_elf_hall_spiral, layout_gridlike
Vaults:1: nicolae_vaults_little_squares_5, nicolae_vaults_more_shelving_2,
          hangedman_vaults_trim, ontoclasm_vaults_bender,
          nicolae_vaults_ellipses_ellipsis, nicolae_vaults_spaceships,
          nicolae_vaults_theta, vaults_room_grunt_arrival_ludios, v_misc_4,
          nicolae_vaults_variable_pillar_hall, nicolae_vaults_gold_heap,
          layout_vaults_omnibox, uniq_zenata
Vaults:2: v_misc_12, nicolae_vaults_double_plus_3,
          minmay_crypt_entry_simple_box, nicolae_vaults_arrows, v_misc_26,
          nicolae_vaults_angled_halls, vaults_room_semicircle,
          ontoclasm_vaults_ligature, layout_vaults_big_cross, uniq_mennas
Vaults:3: gammafunk_ghost_grave, v_misc_31, ontoclasm_vaults_spin, v_pattern_3,
          hangedman_vaults_snaps, hangedman_vaults_capsules,
          dpeg_vaults_monster_box, nicolae_vaults_trapezoid_2,
          vaults_room_semicircle, layout_vaults_quadrants, serial_shops,
          nicolae_shop_waterfront, enter_trove_3
Vaults:4: nicolae_vaults_offset_grid_hallway_1, nicolae_vaults_statue_guard,
          v_alt_pattern_6, v_pattern_2, vaults_dpeg_diagonal, v_rooms_4,
          nicolae_vaults_asterisk, v_alt_pattern_6,
          nicolae_vaults_twisting_passages, hangedman_vaults_stream,
          ontoclasm_vaults_idyll, nicolae_vaults_octothorpe,
          vaults_dpeg_encased_lava, v_alt_pattern_1, layout_vaults_maze_snakey,
          uniq_frederick, uniq_jory
Depths:1: layout_gridlike, hangedman_decor_points, hell_entry,
          hangedman_decor_slide_cut, kennysheep_potato
Depths:2: minmay_dotted_concentric_squares, layout_honeycomb, enter_ziggurat_b,
          pf_hell_entry_tar_spiral, pan_entry
Depths:3: giant_chief_lemuel, layout_gridville, abyss_entry_flame_altar,
          hell_entry, serial_co_window_serial, co_window_paths_a,
          co_window_paths_a, co_window_cross_1, co_window_corner_a,
          co_window_paths_a, co_window_cross_4, co_window_of_opportunity_c,
          co_window_of_opportunity_b, glass_columns_a, glass_columns_a,
          glass_columns_b, minmay_staircase_bubble, uniq_saint_roka,
          uniq_enchantress, uniq_mara
Depths:4: evilmike_zot_entry_round, layout_long_grid, hell_entry,
          minmay_fountain_box, nicolae_gozag_cash_rules_everything_around_me,
          grunt_megastairs_1
Zot:1:    layout_cathedral_of_symmetry
Zot:2:    lemuel_draconian_sentries_small, layout_misc_corridors,
          skrybe_zot_glass_3, uniq_josephina
Zot:3:    layout_cathedral_of_symmetry, lemuel_elevator
Zot:4:    layout_cathedral_of_symmetry
Zot:5:    layout_cellular_growth, skrybe_zot_glass_1

Skill      XL: |  1  2  3  4  5  6  7  8  9 10 11 12 13 14 15 16 17 18 19 20 21 22 23 24 25 |
---------------+----------------------------------------------------------------------------+-----
Fighting       | 1 2 4 5 6 8 10 11 12 14 15 17 18 19 | 19.1
Stealth        | 4 5 6 7 8 9 10 11 12 16 | 16.0
Summonings     | 5 6 8 9 10 12 14 15 16 17 18 19 20 23 26 27 | 27.0
Short Blades   | 2 |  2.0
Air Magic      | 1 3 5 6 |  6.0
Dodging        | 4 5 6 8 11 14 15 16 17 | 17.9
Spellcasting   | 3 4 5 6 7 9 10 11 12 14 16 17 | 17.3
Shields        | 3 6 |  6.0
Hexes          | 7 10 11 12 | 12.0
Evocations     | 4 5 6 7 8 |  8.0
Necromancy     | 3 7 9 11 13 15 16 17 | 17.0
Armour         | 3 5 6 |  6.3
Transmutations | 5 6 |  6.0
Earth Magic    | 4 |  4.0

Action                     |  1- 3 |  4- 6 |  7- 9 | 10-12 | 13-15 | 16-18 | 19-21 | 22-24 | 25-27 || total
---------------------------+-------+-------+-------+-------+-------+-------+-------+-------+-------++-------
  Melee: Unarmed           |     5 |       |       |       |       |       |       |       |       ||     5
         Dagger            |     4 |       |       |       |       |       |       |       |       ||     4
         Bite              |     8 |     2 |    12 |    25 |    73 |    32 |    28 |    13 |     2 ||   195
         Spear             |    49 |       |       |       |       |       |    41 |    50 |       ||   140
         Short sword       |    27 |    38 |    93 |   213 |   443 |   216 |   111 |       |       ||  1141
         Punch             |       |       |     1 |       |       |       |       |       |       ||     1
         Staff             |       |       |       |       |       |       |     2 |    30 |    22 ||    54
         Falchion          |       |       |       |       |       |       |       |     5 |       ||     5
  Throw: Stone             |     4 |     1 |     8 |       |       |       |       |       |       ||    13
         Dart              |       |       |       |    42 |    16 |     1 |     8 |     1 |     2 ||    70
   Cast: Summon Small Mamm |    26 |    19 |    51 |    19 |       |       |       |       |       ||   115
         Call Imp          |    16 |     9 |    35 |    42 |    63 |       |       |       |       ||   165
         Call Canine Famil |     1 |    13 |    49 |    63 |   125 |    38 |     5 |       |       ||   294
         Summon Lightning  |       |       |    24 |    69 |   145 |    44 |     9 |     1 |       ||   292
         Anguish           |       |       |       |    28 |   187 |   222 |   116 |   129 |     5 ||   687
         Vampiric Draining |       |       |       |       |    11 |    14 |     2 |       |       ||    27
         Cause Fear        |       |       |       |       |     3 |     2 |     1 |       |       ||     6
         Dispel Undead     |       |       |       |       |    11 |    10 |    21 |    20 |    11 ||    73
         Death Channel     |       |       |       |       |     7 |    52 |    29 |    43 |     6 ||   137
         Animate Dead      |       |       |       |       |       |    19 |    15 |    21 |     2 ||    57
         Haunt             |       |       |       |       |       |    30 |   225 |   200 |    35 ||   490
         Yara's Violent Un |       |       |       |       |       |       |    15 |    24 |     2 ||    41
         Summon Mana Viper |       |       |       |       |       |       |       |    12 |     1 ||    13
         Borgnjor's Vile C |       |       |       |       |       |       |       |    64 |    46 ||   110
         Dragon's Call     |       |       |       |       |       |       |       |    12 |    12 ||    24
 Invoke: Receive Forbidden |       |       |       |       |     1 |       |       |       |       ||     1
         Unearth Wretches  |       |       |       |       |       |    20 |     4 |     5 |     1 ||    30
  Evoke: Wand              |       |       |       |     9 |     8 |     3 |    15 |    16 |    11 ||    62
         Phial of floods   |       |       |       |       |     1 |     2 |     1 |       |     1 ||     5
         Tin of tremorston |       |       |       |       |       |       |     3 |     3 |     1 ||     7
    Use: Scroll            |     4 |     1 |     6 |    10 |    12 |     5 |     8 |    17 |     3 ||    66
         Potion            |       |       |       |       |     1 |    12 |     2 |     4 |     4 ||    23
   Stab: Sleeping          |     2 |     2 |     3 |     3 |     3 |     2 |       |       |       ||    15
         Distracted        |       |     1 |       |    10 |    17 |     5 |     8 |     7 |     1 ||    49
         Betrayed ally     |       |       |     1 |       |       |       |       |       |       ||     1
         Invisible         |       |       |       |       |     2 |     1 |       |       |     1 ||     4
         Paralysed         |       |       |       |       |       |     3 |     1 |     1 |       ||     5
 Armour: Robe              |    26 |     7 |    17 |     3 |       |     6 |    34 |    23 |       ||   116
         Steam dragon scal |       |       |       |    30 |    42 |       |       |       |       ||    72
         Ring mail         |       |       |       |       |    49 |    91 |       |       |       ||   140
         Acid dragon scale |       |       |       |       |       |       |       |    20 |    14 ||    34
  Dodge: Dodged            |    32 |    15 |    88 |   139 |   312 |   263 |   219 |   203 |    91 ||  1362
         Repelled          |       |       |       |       |       |       |       |     4 |       ||     4
  Block: Buckler           |       |       |       |    66 |   105 |    85 |    66 |    48 |    34 ||   404

Table legend: (Time is in decaauts)
 A = Elapsed time spent in this place.
 B = Non-inter-level travel time spent in this place.
 C = Inter-level travel time spent in this place.
 D = Time resting spent in this place.
 E = Time spent auto-exploring this place.
 F = Levels seen in this place.
 G = Mean time per level.
                   A        B        C        D        E       F      G
               +--------+--------+--------+--------+--------+-----+--------+
         Total |  61041 |  53412 |   7629 |   8107 |  21881 |  53 | 1151.7 |
       Dungeon |  16591 |  13832 |   2759 |   1939 |   4764 |  15 | 1106.1 |
        Temple |    231 |    210 |     21 |      0 |    203 |   1 |  231.0 |
          Lair |   7843 |   6283 |   1560 |    933 |   2121 |   5 | 1568.6 |
         Swamp |   2893 |   2744 |    149 |    234 |   1240 |   4 |  723.2 |
     Snake Pit |   4496 |   3972 |    524 |    565 |   1755 |   4 | 1124.0 |
    Slime Pits |   1091 |   1007 |     84 |    207 |      0 |   5 |  218.2 |
  Orcish Mines |   2565 |   1853 |    712 |    339 |    581 |   2 | 1282.5 |
   Elven Halls |   6038 |   5330 |    708 |   1078 |   2244 |   3 | 2012.7 |
        Vaults |   6685 |   6290 |    395 |    678 |   3431 |   4 | 1671.2 |
        Depths |   5127 |   4817 |    310 |    497 |   2778 |   4 | 1281.8 |
           Zot |   7060 |   6656 |    404 |   1577 |   2764 |   5 | 1412.0 |
      Gauntlet |    415 |    415 |      0 |     60 |      0 |   1 |  415.0 |
               +--------+--------+--------+--------+--------+-----+--------+

Top non-repeatable levels by time:
   Elf:3: 2905 daAuts
  Lair:2: 2149 daAuts
  Lair:5: 2088 daAuts
Vaults:3: 2083 daAuts
     D:9: 2038 daAuts
  Lair:1: 1893 daAuts
    D:10: 1822 daAuts
Vaults:1: 1812 daAuts
   Orc:2: 1807 daAuts
   Zot:3: 1774 daAuts
 Snake:4: 1659 daAuts
   Elf:1: 1657 daAuts
   Zot:1: 1552 daAuts
Vaults:2: 1497 daAuts
   Elf:2: 1475 daAuts
